 Dungeon Crawl Stone Soup version 0.30-a0-782-ge64f9170bb (webtiles) character file.

Game seed: 5938488456861010808

1801 kingofthe the Nimble (level 8, -5/41 HPs)
             Began as a Deep Elf Conjurer on Feb 19, 2023.
             Was an Initiate of Sif Muna.
             Killed by the air
             ... invoked by Gastronok
              (24 damage)
             ... on level 8 of the Dungeon.
             The game lasted 00:22:39 (7960 turns).

kingofthe the Nimble (Deep Elf Conjurer)            Turns: 7960, Time: 00:22:39

Health: -5/41      AC:  4    Str:  4    XL:     8   Next: 83%
Magic:  17/21      EV: 16    Int: 24    God:    Sif Muna [......]
Gold:   360        SH:  0    Dex: 15    Spells: 11/21 levels left

rFire   . . .      SeeInvis +    a - staff of conjuration {!a!a}
rCold   . . .      Faith    .    (no shield)
rNeg    . . .      Spirit   .    J - +0 robe
rPois   .          Reflect  .    s - +0 helmet
rElec   .          Harm     .    j - scarf {+Inv}
rCorr   .          Rampage  .    (no gloves)
Will    .....                    I - +0 pair of boots
Stlth   +++                      m - amulet of magic regeneration
HPRegen 0.26/turn                v - ring of see invisible
MPRegen 0.57/turn                (no ring)

@: slowed, very slow
A: no striking features
a: Renounce Religion, Evoke Invisibility


You were on level 8 of the Dungeon.
You worshipped Sif Muna.
Sif Muna was noncommittal.
You visited 2 branches of the dungeon, and saw 9 of its levels.

You collected 360 gold pieces.


   Skills:
 * Level 8.2 Dodging
 + Level 5.5 Stealth
 + Level 7.4 Spellcasting
 + Level 8.2 Conjurations
 * Level 2.7 Hexes


You had 11 spell levels left.
You knew the following spells:

 Your Spells              Type           Power      Damage    Failure   Level
a - Magic Dart            Conj           100%       1d8       1%          1
b - Searing Ray           Conj           100%       2d8       1%          2
d - Dazzling Flash        Conj/Hex       100%       N/A       2%          3
f - Fulminant Prism       Conj/Hex       26%        3d14      7%          4

Your spell library contained the following spells:

 Spells                   Type           Power      Damage    Failure   Level
 Beastly Appendage        Tmut           16%        N/A       7%          1
 Summon Small Mammal      Summ           32%        N/A       7%          1
 Wereblood                Tmut           8%         N/A       11%         2
 Summon Guardian Golem    Hex/Summ       15%        N/A       12%         3
 Iskenderun's Mystic Bla  Conj/Tloc      43%        2d10      13%         4
 Call Canine Familiar     Summ           8%         N/A       21%         3
 Ozocubu's Armour         Ice            8%         N/A       21%         3
 Spider Form              Tmut/Pois      8%         N/A       21%         3
 Manifold Assault         Tloc           8%         N/A       56%         4
 Starburst                Conj/Fire      21%        6d7       89%         6
 Dispersal                Tloc           4%         N/A       100%        6
 Ozocubu's Refrigeration  Ice            4%         4d8       100%        7
 Disjunction              Tloc           4%         N/A       100%        8

Inventory:

Hand Weapons
 b - a +1 dagger of venom
 z - a +1 dagger of speed
Armour
 j - a scarf of invisibility (worn)
 s - a +0 helmet (worn)
 I - a +0 pair of boots (worn)
 J - a +0 robe (worn)
 N - a scarf of shadows
Magical Staves
 a - a staff of conjuration (weapon) {!a!a}
 u - a staff of death {!a!a}
 G - a staff of air {!a!a}
Jewellery
 m - an amulet of magic regeneration (around neck)
 q - an amulet of reflection
 v - a ring of see invisible (left hand)
 F - a ring of fire
Wands
 r - a wand of mindburst (43)
 y - a wand of roots (21)
 A - a wand of quicksilver (1)
 O - a wand of charming (4)
Scrolls
 e - a scroll of immolation
 f - 6 scrolls of identify {unknown}
 g - 3 scrolls of vulnerability {unknown}
 x - 2 scrolls of enchant weapon {unknown}
 B - 2 scrolls of poison {unknown}
 D - 2 scrolls of teleportation {@r2@r2}
 H - a scroll of fog {unknown}
 K - a scroll of magic mapping {unknown}
 L - a scroll of enchant armour {unknown}
 M - 4 scrolls of amnesia {unknown}
Potions
 c - 5 potions of curing {@q1@q1}
 d - 2 potions of cancellation {unknown}
 h - 4 potions of mutation {unknown}
 i - 4 potions of resistance
 l - a potion of ambrosia {unknown}
 n - a potion of invisibility {unknown}
 o - a potion of heal wounds {unknown}
 p - a potion of lignification {unknown}
 t - 2 potions of flight {unknown}
 w - a potion of haste {unknown}
 C - 3 potions of magic
 E - a potion of brilliance {unknown}

Dungeon Overview and Level Annotations

Branches:
Dungeon (8/15)             Temple (1/1) D:4
   Lair: D:8-11

Altars:
Ashenzari
Cheibriados
Dithmenos
Elyvilon
Fedhas
Gozag
Hepliaklqana
Kikubaaqudgha
Makhleb
Nemelex Xobeh
Okawaru
Qazlal
Ru
Sif Muna
Uskayaw
Wu Jian
Xom
Yredelemnul
Zin
The Shining One

Shops:
D:2 (

Annotations:
D:8 exclusion: oklob plant, Gastronok, Psyche

....#####.............####
.......##.............#
##.....##.............#
##.....##....##.......#
##.....#.....##...w...#
##.....▒▒▒▒▒▒▒▒▒▒▒.▒▒▒▒▒▒▒▒▒▒▒
.......▒##PP###.P▒.▒PPPPPPPPP▒
....###▒ PPPPPP.#▒.▒#..#PPPP#▒
....###▒ #P#PP.@w....P#PP.PP▒
....##.▒ #PP#..~≈~≈~...PP#P.▒
.......▒# #P...≈~~≈≈~~...PPPP▒
.......▒P#P#..≈≈≈≈≈~≈≈~..PPP.▒
....#..▒..P#.≈~≈~≈~~~≈~~.PPP#▒
....#..▒PP.P.≈≈≈≈...~≈≈~.PP#P▒
.......▒PPPP.~≈≈~.⚑.≈≈≈~.PPP#▒
.......▒PPP#.~≈≈~...~≈≈~.P.PP▒
.......▒PP#P.~~~≈~.~~≈≈~.PP.#▒


You could see Gastronok.


Message History

Gastronok is lightly wounded.
The searing ray hits Gastronok.
Gastronok is moderately wounded.
You finish channelling your searing ray.
Gastronok wobbles crazily.
You now have 18/21 mp.
Casting: Searing Ray (safe; 1% risk of failure)
Confirm with . or Enter, or press ? or * to list all spells.
Aiming: Searing Ray (safe; 1% risk of failure)
Press: ? - help, Shift-Dir - straight line, f/p - Gastronok
Aim: Gastronok, wearing a +0 hat of intelligence (moderately wounded, 100% to hit)
You feel a surge of power!
The searing ray hits Gastronok!
Gastronok is moderately wounded. (Press . to maintain the ray.)
You now have 17/21 mp.
The searing ray hits Gastronok!
Gastronok is moderately wounded.
Gastronok bites you!!
Ouch! That really hurt!
* * * LOW HITPOINT WARNING * * *
You take 22 damage, and have 19/41 hp.
MASSIVE DAMAGE!!
The searing ray hits Gastronok!
Gastronok is moderately wounded.
The searing ray hits Gastronok!
Gastronok is heavily wounded.
You finish channelling your searing ray.
Gastronok waves his eye-stalks in wide circles.
The air twists around and strikes you!!
Ouch! That really hurt!
You die...

Skill      XL: |  1  2  3  4  5  6  7  8 |
---------------+-------------------------+-----
Spellcasting   | 4 5 6 7 |  7.4
Dodging        | 3 4 5 6 8 |  8.2
Stealth        | 3 4 5 |  5.5
Conjurations   | 5 6 7 8 |  8.2
Hexes          | 2 |  2.7

Action                     |  1- 3 |  4- 6 |  7- 9 || total
---------------------------+-------+-------+-------++-------
  Melee: Unarmed           |       |       |     1 ||     1
   Cast: Magic Dart        |    67 |    13 |   103 ||   183
         Searing Ray       |     4 |    14 |    49 ||    67
    Use: Scroll            |       |       |     4 ||     4
         Potion            |       |       |     3 ||     3
 Armour: Robe              |     1 |     1 |     5 ||     7
  Dodge: Dodged            |     2 |    14 |    57 ||    73

Levels and vault maps discovered:
D:1:      erik_arrival_cave_to_civilisation [erik_arrival_cave_to_hall],
          layout_basic
D:2:      layout_loops_ring, serial_shops, shop
D:3:      layout_loops_ring, nicolae_qazlal_general_emergency, corner_web_ring
D:4:      layout_basic, lemuel_temple_firewalk_b, serial_corexii_hall,
          chequers_hall_statues_wall_a, corexii_hall_statues_t,
          nicolae_goblin_pals, uniq_duvessa
D:5:      layout_rooms, mainiacjoe_overflow_24_doors
D:6:      layout_layer_cave
D:7:      layout_cave_pods, enter_bailey_8, serial_shops, shop
D:8:      layout_basic, yredelemnul_altar_generic, tgw_fedhas,
          old_standard_altar, uniq_psyche, uniq_gastronok
Temple:   hellmonk_temple_two_chambers

Notes
Turn   | Place    | Note
-------+----------+-------------------------------------------
     0 | D:1      | kingofthe the Deep Elf Conjurer began the quest for the
                  | Orb.
     0 | D:1      | Reached XP level 1. HP: 10/10 MP: 6/6
   287 | D:1      | Reached skill level 4 in Spellcasting
   287 | D:1      | Reached XP level 2. HP: 15/15 MP: 5/9
   290 | D:1      | Learned a level 2 spell: Searing Ray
  1100 | D:2      | Reached XP level 3. HP: 19/19 MP: 5/10
  1372 | D:2      | Found Zoptaebori's Weapon Emporium.
  1945 | D:3      | Reached skill level 3 in Dodging
  2030 | D:3      | Found a stormy altar of Qazlal.
  2257 | D:3      | Reached skill level 3 in Stealth
  2287 | D:3      | Reached XP level 4. HP: 24/24 MP: 10/12
  2303 | D:3      | Reached skill level 5 in Conjurations
  2366 | D:3      | You fall into a shaft and drop 3 floors!
  2395 | D:6      | Noticed a centaur
  2409 | D:6      | Killed a centaur
  2410 | D:6      | Reached skill level 4 in Dodging
  2410 | D:6      | Reached skill level 5 in Spellcasting
  2410 | D:6      | Reached XP level 5. HP: 20/28 MP: 8/14
  2616 | D:6      | Reached XP level 6. HP: 21/32 MP: 8/15
  2621 | D:6      | Reached skill level 4 in Stealth
  2834 | D:6      | Reached skill level 5 in Dodging
  2837 | D:6      | Reached skill level 6 in Conjurations
  2859 | D:6      | Reached XP level 7. HP: 36/36 MP: 13/17
  2877 | D:5      | Entered Level 5 of the Dungeon
  3100 | D:4      | Noticed Dowan
  3137 | D:4      | Noticed Duvessa
  3172 | D:5      | Found a glowing silver altar of Zin.
  3224 | D:5      | Reached skill level 6 in Dodging
  3224 | D:5      | Reached skill level 6 in Spellcasting
  3366 | D:4      | Reached skill level 7 in Conjurations
  3401 | D:4      | Noticed Ijyb
  3401 | D:4      | Noticed Robin
  3403 | D:4      | Identified 5 potions of resistance
  3406 | D:4      | HP: 2/36 [disintegration (10)]
  3945 | D:4      | Killed Ijyb
  3966 | D:4      | Killed Robin
  4051 | D:4      | Learned a level 3 spell: Dazzling Flash
  4439 | D:4      | Found a staircase to the Ecumenical Temple.
  4545 | Temple   | Entered the Ecumenical Temple
  4680 | D:4      | Reached XP level 8. HP: 41/41 MP: 17/19
  4726 | D:4      | Killed Duvessa
  4727 | D:4      | Reached skill level 7 in Dodging
  4890 | D:4      | Killed Dowan
  5457 | D:6      | Reached skill level 5 in Stealth
  5457 | D:6      | Reached skill level 7 in Spellcasting
  5462 | D:6      | Reached skill level 8 in Conjurations
  6259 | D:7      | Learned a level 4 spell: Fulminant Prism
  6321 | D:7      | Found Zutouk's Antique Weapon Boutique.
  6674 | D:7      | Reached skill level 1 in Hexes
  6700 | D:7      | Noticed a troll
  6764 | D:7      | Found a flagged portal.
  7084 | D:8      | Noticed Psyche
  7158 | D:8      | Found a shimmering blue altar of Sif Muna.
  7172 | D:8      | Reached skill level 8 in Dodging
  7184 | D:8      | Became a worshipper of Sif Muna the Loreminder
  7229 | D:8      | Noticed Gastronok
  7250 | D:8      | Reached skill level 2 in Hexes
  7450 | D:8      | Found a blossoming altar of Fedhas.
  7465 | D:8      | Noticed an oklob plant
  7615 | D:8      | Found a basalt altar of Yredelemnul.
  7960 | D:8      | Killed from afar by Gastronok

Vanquished Creatures
  Duvessa (D:4)
  A black bear (D:6)
  An ice beast (D:7)
  2 centaurs
  2 ogres
  A phantom (D:5)
  2 necrophages
  4 scorpions
  2 bullfrogs (D:6)
  Dowan (D:4)
  3 hounds
  4 orc priests
  2 iguanas (D:6)
  Ijyb (D:4)
  6 orc wizards
  Robin (D:4)
  4 adders
  An ufetubus (D:6)
  A dart slug (D:2)
  32 orcs
  A bat (D:2)
  8 endoplasms
  3 giant cockroaches
  12 goblins
  8 hobgoblins
  4 jackals (D:2)
  A quokka (D:1)
  7 ball pythons
  3 frilled lizards
  6 kobolds
  3 rats
128 creatures vanquished.

Vanquished Creatures (others)
  A worm (D:4)
1 creature vanquished.

Grand Total: 129 creatures vanquished

Table legend: (Time is in decaauts)
 A = Elapsed time spent in this place.
 B = Non-inter-level travel time spent in this place.
 C = Inter-level travel time spent in this place.
 D = Time resting spent in this place.
 E = Time spent auto-exploring this place.
 F = Levels seen in this place.
 G = Mean time per level.
                   A        B        C        D        E       F      G
               +--------+--------+--------+--------+--------+-----+--------+
         Total |   7973 |   7592 |    381 |    616 |   5807 |   9 |  885.9 |
       Dungeon |   7955 |   7578 |    377 |    616 |   5797 |   8 |  994.4 |
        Temple |     17 |     13 |      4 |      0 |     10 |   1 |   17.0 |
               +--------+--------+--------+--------+--------+-----+--------+

Top non-repeatable levels by time:
     D:6: 1585 daAuts
     D:3: 1193 daAuts
     D:4: 1046 daAuts
     D:1: 1014 daAuts
     D:8: 859 daAuts
     D:7: 825 daAuts
     D:2: 815 daAuts
     D:5: 615 daAuts
  Temple: 17 daAuts

Table legend:
 A = Non-vault XP
 B = Vault XP
 C = Vault XP percentage of total XP
 D = Non-vault monster count
 E = Vault monster count
 F = Vault count percentage of total count
                 A         B        C        D         E       F
            +---------+---------+-------+---------+---------+-------
      Total |    2301 |     273 |  10.6 |     117 |      11 |   8.6
            +---------+---------+-------+---------+---------+-------
        D:1 |      18 |       4 |  18.2 |      13 |       2 |  13.3
        D:2 |      42 |       0 |   0.0 |      16 |       0 |   0.0
        D:3 |     100 |       0 |   0.0 |      17 |       0 |   0.0
        D:4 |     292 |     269 |  48.0 |      22 |       9 |  29.0
        D:5 |     494 |       0 |   0.0 |      16 |       0 |   0.0
        D:6 |     856 |       0 |   0.0 |      19 |       0 |   0.0
        D:7 |     169 |       0 |   0.0 |       6 |       0 |   0.0
        D:8 |     330 |       0 |   0.0 |       8 |       0 |   0.0
            +---------+---------+-------+---------+---------+-------
